 Dungeon Crawl Stone Soup version 0.17-a0-1842-gacc33f2 (webtiles) character file.

4293 DecibelRebel the Spear-Bearer (level 10, -2/83 HPs)
             Began as a Merfolk Fighter on Sept 17, 2015.
             Was an Initiate of Sif Muna.
             Slain by a trapdoor spider (8 damage)
             ... on level 8 of the Dungeon.
             The game lasted 00:56:19 (8811 turns).

DecibelRebel the Spear-Bearer (Merfolk Fighter)     Turns: 8811, Time: 00:56:22

Health: -2/83      AC:  4    Str: 17    XL:     10   Next: 32%
Magic:  14/14      EV: 11    Int:  9    God:    Sif Muna [......]
Gold:   484        SH: 10    Dex: 13    Spells: 0 memorised, 14 levels left

rFire  . . .     SeeInvis .     J - +0 trident (holy)
rCold  . . .     Rnd*Rage +     K - +0 leather armour (curse)
rNeg   + . .     SustAt   .     c - +0 shield
rPois  .         Gourm    .     (no helmet)
rElec  .         Spirit   .     s - +0 cloak
rCorr  .         Warding  +     (no gloves)
rMut   .         Stasis   .     (no boots)
MR     .....                    q - macabre finger necklace {Ward rN+}
Stlth  +.........               (no ring)
                                (no ring)
                                (no ring)

@: lethally poisoned (-2 -> -30), not resistant to hostile enchantments, very
unstealthy
A: change form in water, swift swim, berserk 1, blurry vision 1, clumsy 1
a: Renounce Religion


You were on level 8 of the Dungeon.
You worshipped Sif Muna.
Sif Muna was noncommittal.
You were very hungry.

You visited 2 branches of the dungeon, and saw 9 of its levels.
You also visited: Sewer.

You collected 484 gold pieces.

Inventory:

Hand weapons
 J - a +0 trident of holy wrath (weapon)
Armour
 c - a +0 shield (worn)
 s - a +0 cloak (worn)
 I - a +0 chain mail
 K - a cursed +0 leather armour (worn)
Jewellery
 q - the macabre finger necklace (around neck) {Ward rN+}
   (You found it on level 7 of the Dungeon)

   [amulet of warding]

   It may prevent the melee attacks of summoned creatures.
   It protects you from negative energy.
 D - an uncursed ring of fire
Magical devices
 d - a wand of disintegration (17)
 h - a wand of paralysis (14)
 F - a wand of paralysis (10)
Scrolls
 a - a scroll of recharging {unknown}
 g - a scroll of amnesia {unknown}
 i - 5 scrolls of remove curse
 j - 2 scrolls of enchant armour {unknown}
 k - a scroll of blinking {unknown}
 n - a scroll of random uselessness {unknown}
 o - 4 scrolls of magic mapping
 p - 6 scrolls of identify
 u - 3 scrolls of fear {unknown}
 w - 3 scrolls of noise
 x - 2 scrolls of teleportation {unknown}
 y - a scroll of enchant weapon {unknown}
 H - 2 scrolls of fog {unknown}
Potions
 f - a potion of brilliance {unknown}
 l - a potion of ambrosia {unknown}
 t - a potion of cancellation
 v - a potion of haste {unknown}
 z - 2 potions of mutation
 B - 2 potions of flight
 E - a potion of lignification {unknown}
 G - a potion of invisibility {unknown}
 L - a potion of magic {unknown}
Comestibles
 e - 3 bread rations
 m - 4 meat rations
 r - 3 fruits
 A - a chunk of flesh


   Skills:
 * Level 9.4 Fighting
 - Level 14.0 Polearms
 - Level 2.1 Armour
 - Level 3.0 Dodging
 + Level 6.3 Shields
 + Level 2.7 Spellcasting


You had 14 spell levels left.
You didn't know any spells.

Dungeon Overview and Level Annotations

Branches:
Dungeon (8/15)             Temple (1/1) D:7
   Lair: D:8-11

Altars:
Ashenzari
Cheibriados
Dithmenos
Elyvilon
Fedhas
Gozag
Kikubaaqudgha
Makhleb
Nemelex Xobeh
Okawaru
Qazlal
Ru
Sif Muna
Trog
Vehumet
Xom
Yredelemnul
Zin
The Shining One


Innate Abilities, Weirdness & Mutations

You revert to your normal form in water.
You are very nimble and swift while swimming.
You tend to lose your temper in combat.
Scrolls take you a little longer to read.
You are clumsy. (Dex -2)


Message History

Read which item? (? for menu, Esc to quit)
Okay, then.
Drink which item? (? for menu, Esc to quit)
It was a potion of cancellation.
Your magical effects are unravelling.
You feel magically purged.
* * * LOW HITPOINT WARNING * * *
You feel sick. The trapdoor spider barely misses you.
Drink which item? (? for menu, Esc to quit)
Okay, then.
Drink which item? (? for menu, Esc to quit)
Okay, then.
Drink which item? (? for menu, Esc to quit)
It was a potion of poison.
That liquid tasted very nasty...
You are more poisoned.
You float gracefully downwards.
* * * LOW HITPOINT WARNING * * *
You feel very sick. The trapdoor spider bites you!
You die...

>..#.### ##.......##########.
.....# #...................
...### ##.......########### ...#
##.....###### ...####
##.#.......# ......#
#....#(...#### [.<##..#
###..###(......### ..## ..
#####.......(........## .##
#.....@s..))...........
##################.###)..........
.............[.....# #...........
.#...#...#...#...#.# #...........
...................# #...........
.#...#...#...#...### ##..#.......
..................# ####...##..
################### ..... .......


You could see a trapdoor spider.

Vanquished Creatures
  Pikel (D:7)
  Grinder (D:5)
  Eustachio (D:6)
  A hippogriff (D:8)
  A hungry ghost (D:8)
  A water moccasin (D:6)
  2 ice beasts
  A sky beast (D:6)
  3 slaves (D:7)
  2 phantoms
  2 orc warriors
  3 ogres
  2 centaurs
  Blork the orc (D:5)
  2 big kobolds
  4 giant frogs
  3 scorpions
  4 crimson imps
  4 hounds
  3 jellies
  Ijyb (D:2)
  4 orc priests
  A centaur skeleton (D:8)
  2 iguanas (D:5)
  7 worker ants
  2 giant frog skeletons
  5 orc wizards
  A killer bee zombie (D:8)
  2 hound skeletons
  A worker ant zombie (D:5)
  10 gnolls
  A river rat (Sewer)
  17 adders
  A shadow imp (D:7)
  2 oozes
  An adder zombie (D:6)
  5 worms
  11 giant geckos
  31 orcs
  2 ball pythons
  4 bats
  7 giant cockroaches
  11 hobgoblins
  17 jackals
  13 kobolds
  3 quokkas
  A giant gecko skeleton (D:4)
  6 giant newts
  7 goblins
  9 rats
227 creatures vanquished.

Notes
Turn   | Place    | Note
--------------------------------------------------------------
     0 | D:1      | DecibelRebel the Merfolk Fighter began the quest for the Orb.
     0 | D:1      | Reached XP level 1. HP: 18/18 MP: 1/1
    79 | D:1      | Reached skill level 4 in Polearms
    79 | D:1      | Reached XP level 2. HP: 22/24 MP: 2/2
   814 | D:2      | Reached skill level 5 in Polearms
   814 | D:2      | Reached XP level 3. HP: 29/29 MP: 3/3
  1214 | D:2      | Noticed Ijyb
  1233 | D:2      | Killed Ijyb
  1233 | D:2      | Reached skill level 6 in Polearms
  1233 | D:2      | Reached XP level 4. HP: 30/35 MP: 4/4
  1545 | D:2      | Reached skill level 7 in Polearms
  1649 | D:2      | Reached XP level 5. HP: 36/41 MP: 5/5
  1677 | D:2      | Reached skill level 8 in Polearms
  1945 | D:3      | Reached XP level 6. HP: 35/47 MP: 6/6
  2116 | D:3      | Found a radiant altar of Vehumet.
  2159 | D:3      | Found a bloodstained altar of Trog.
  2173 | D:3      | Reached skill level 9 in Polearms
  2280 | D:3      | Found an opulent altar of Gozag.
  2280 | D:3      | Found a snail-covered altar of Cheibriados.
  2322 | D:3      | Found a glowing drain.
  2350 | Sewer    | Entered a sewer
  2446 | Sewer    | Found a glowing silver altar of Zin.
  2764 | D:4      | Reached skill level 10 in Polearms
  3018 | D:4      | Reached XP level 7. HP: 36/52 MP: 7/7
  3188 | D:4      | Reached skill level 11 in Polearms
  3279 | D:5      | Entered Level 5 of the Dungeon
  3343 | D:5      | Noticed Blork the orc
  3478 | D:5      | Killed Blork the orc
  3520 | D:5      | Found a glowing golden altar of the Shining One.
  3616 | D:5      | Reached skill level 12 in Polearms
  3978 | D:5      | Noticed Grinder
  3993 | D:5      | Killed Grinder
  3993 | D:5      | Reached skill level 13 in Polearms
  3993 | D:5      | Reached XP level 8. HP: 40/58 MP: 8/8
  4258 | D:5      | Reached skill level 14 in Polearms
  4846 | D:5      | Reached skill level 1 in Dodging
  4871 | D:5      | Found a burning altar of Makhleb.
  4969 | D:6      | Noticed Eustachio
  5022 | D:6      | Killed Eustachio
  5517 | D:6      | Reached XP level 9. HP: 63/66 MP: 9/9
  5611 | D:6      | Reached skill level 5 in Fighting
  5654 | D:6      | Found a white marble altar of Elyvilon.
  6560 | D:7      | Found a blossoming altar of Fedhas.
  6601 | D:7      | Reached skill level 5 in Shields
  6856 | D:7      | Found a stormy altar of Qazlal.
  6871 | D:7      | Noticed Pikel
  7161 | D:7      | Found a staircase to the Ecumenical Temple.
  7172 | Temple   | Entered the Ecumenical Temple
  7565 | Temple   | Became a worshipper of Sif Muna the Loreminder
  7821 | D:7      | Found a shattered altar of Ashenzari.
  7849 | D:7      | Reached skill level 1 in Spellcasting
  8013 | D:7      | Killed Pikel
  8013 | D:7      | Reached XP level 10. HP: 71/82 MP: 10/13
  8632 | D:8      | Found an ancient bone altar of Kikubaaqudgha.
  8808 | D:8      | Gained mutation: Scrolls take you a little longer to read. [potion of mutation]
  8808 | D:8      | Gained mutation: You are clumsy. (Dex -2) [potion of mutation]
  8808 | D:8      | Gained mutation: You tend to lose your temper in combat. [potion of mutation]
  8811 | D:8      | Slain by a trapdoor spider

Vault maps used:
D:1:      roderic_crop_circles_arrival_small, minmay_misc_feat_enclosed
D:2:      cheibrodos_gnoll_hut, uniq_iyjb
D:3:      lemuel_crystal_altar, overflow_temple_1_default,
          gammafunk_temple_overflow_elements, portal_sewer_entry_f, first_bread,
          minmay_liquid_box
D:4:      kennysheep_generic_room_14
D:5:      makhleb_blood_cavern_becter, lemuel_crystal_altar, uniq_grinder,
          uniq_blork_the_orc
D:6:      elyvilon_altar_3, uniq_eustachio
D:7:      fedhas_altar_2, ashenzari_conservatory_becter, kennysheep_mini,
          temple_fountains, uniq_pikel
D:8:      lemuel_coloured_pillars_altar
Temple:   minmay_temple_bridge_c_8
Sewer:    sewer_kobolds

Action                   |  1- 3 |  4- 6 |  7- 9 | 10-12 || total
-------------------------+-------+-------+-------+-------++-------
Melee: Trident           |   113 |   351 |   603 |   121 ||  1188
       Unarmed           |       |       |     1 |       ||     1
  Use: Potion            |       |     3 |     5 |     5 ||    13
       Scroll            |       |     2 |     2 |       ||     4
  Eat: Chunk             |     1 |     6 |     9 |     2 ||    18
       Royal jelly       |       |       |     1 |       ||     1
       Beef jerky        |       |       |     1 |       ||     1
       Pizza             |       |       |     2 |       ||     2
